 Dungeon Crawl Stone Soup version 0.29.1-4-g47bece8355 (webtiles) character file.

Game seed: 682303958057913007

49 zeram the Trooper (level 3, 0/37 HPs)
             Began as a Hill Orc Fighter on Dec 11, 2022.
             Succumbed to an adder's poison
             ... on level 2 of the Dungeon.
             The game lasted 00:01:50 (1317 turns).

zeram the Trooper (Hill Orc Fighter)                Turns: 1317, Time: 00:01:50

Health: 0/37       AC: 11    Str: 20    XL:     3   Next: 77%
Magic:  3/3        EV:  9    Int:  8    God:
Gold:   47         SH:  4    Dex: 10    Spells: 2/2 levels left

rFire   . . .      SeeInvis .   a - +0 war axe
rCold   . . .      Faith    .   c - +0 buckler
rNeg    . . .      Spirit   .   b - +0 scale mail
rPois   +          Reflect  .   (no helmet)
rElec   .          Harm     .   i - +1 cloak
rCorr   .          Rampage  .   (no gloves)
Will    .....                   (no boots)
Stlth   ..........              (no amulet)
HPRegen 0.12/turn               (no ring)
MPRegen 0.08/turn               (no ring)

@: mighty, lethally poisoned (0 -> -1)
A: iridescent scales 1, poison resistance, robust 1
a: no special abilities


You were on level 2 of the Dungeon.
You visited 1 branch of the dungeon, and saw 2 of its levels.

You collected 47 gold pieces.

Inventory:

Hand Weapons
 a - a +0 war axe (weapon)
 k - a +1 vampiric dagger
Armour
 b - a +0 scale mail (worn)
 c - a +0 buckler (worn)
 i - a +1 cloak (worn)
Scrolls
 l - a scroll of noise {unknown}
Potions
 e - a potion of mutation
 f - a potion of attraction {unknown}
 g - a potion of flight {unknown}
 h - 2 potions of heal wounds {unknown}
 j - 2 potions of lignification {unknown}


   Skills:
 + Level 4.3 Fighting
 + Level 3.8 Axes
 + Level 3.5 Armour
 + Level 3.6 Shields


You had 2 spell levels left.
You didn't know any spells.
Your spell library contained the following spells:

 Spells                   Type           Power      Damage    Failure   Level
 Sandblast                Erth           0%         2d4       85%         1
 Passwall                 Tmut/Erth      0%         N/A       94%         2
 Stone Arrow              Conj/Erth      0%         3d7       99%         3


Dungeon Overview and Level Annotations

Branches:
Dungeon (2/15)

Altars:

Shops:
D:2 =

Annotations:
D:2 Robin


Innate Abilities, Weirdness & Mutations

You are partially covered in iridescent scales. (AC +2)
Your system is resistant to poisons. (rPois)
You are robust. (+10% HP)


Message History

You are too injured to fight recklessly!
Unknown command.
You are too injured to fight recklessly!
Unknown command.
You are too injured to fight recklessly!
Unknown command.
Unknown command.
You feel very mighty all of a sudden.
You feel sick. You block the adder's attack. The adder barely misses you.
The gnoll hits you but does no damage. The gnoll closely misses you.
The gnoll hits you from afar with a +0 spear.
A goblin comes into view. It is wielding a +0 dagger.
The goblin hits you but does no damage. You block the goblin's attack.
Robin barely misses you.
You miss the goblin. You barely miss the adder. You barely miss the gnoll.
You completely miss the goblin.
You feel sick. The adder barely misses you.
The hobgoblin throws a stone.
The stone completely misses you.
The stone hits the goblin.
The gnoll closely misses you. You block the gnoll's attack.
The goblin barely misses you.
A goblin comes into view. It is wielding a +0 dagger.
The goblin hits you but does no damage. The adder barely misses you.
You barely miss the goblin.
The goblin is moderately wounded.
You slash the goblin!
You kill the goblin!
You barely miss the adder. You slash the gnoll!
You kill the gnoll!
You feel sick. The gnoll barely misses you. The goblin hits you with a +0 club.
* * * LOW HITPOINT WARNING * * *
Robin hits you but does no damage. The gnoll barely misses you.
The adder bites you but does no damage. The goblin hits you but does no damage.
You block the gnoll's attack. The gnoll barely misses you.
The goblin hits you with a +0 club.
* * * LOW HITPOINT WARNING * * *
The endoplasm hits you but does no damage.
Robin throws the goblin at you!
It was a potion of mutation.
You feel extremely strange.
You feel resistant to poisons.
You feel robust.
Iridescent scales grow over part of your body.
You die...

### .... #.. )... #.#
..... #.# ....
#############.#...
####.............#.#
.§§........#.###gS#
.§§§.§.....#.##g@#...#
.§§.§§.....#.##g#Jg..$#
####.#######.#gg gg∩!.#
...^§§.........g .....#
#####.######..#.
#...#..
..............## ###...
#####.######.. ...
....#.# .. #. ......#


You could see Robin, 2 gnolls, an adder, an endoplasm, 2 hobgoblins and 4
goblins.

Vanquished Creatures
  2 gnolls
  2 dart slugs (D:2)
  A giant cockroach (D:1)
  3 hobgoblins
  6 ball pythons
  A bat (D:1)
  A frilled lizard (D:2)
  6 goblins
  2 kobolds (D:2)
  2 rats (D:1)
26 creatures vanquished.

Notes
Turn   | Place    | Note
-------+----------+-------------------------------------------
     0 | D:1      | zeram the Hill Orc Fighter began the quest for the Orb.
     0 | D:1      | Reached XP level 1. HP: 19/19 MP: 1/1
   100 | D:1      | Reached skill level 4 in Fighting
   100 | D:1      | Reached XP level 2. HP: 11/27 MP: 2/2
   476 | D:1      | Found a faded altar of an unknown god.
   912 | D:2      | Reached XP level 3. HP: 25/33 MP: 3/3
  1305 | D:2      | Found Niyl's One-of-a-Kind Rings.
  1310 | D:2      | Noticed Robin
  1316 | D:2      | HP: 1/33 [goblin/+0 club[Robin] (3)]
  1317 | D:2      | Gained mutation: Your system is resistant to poisons.
                  | (rPois) [potion of mutation]
  1317 | D:2      | Gained mutation: You are robust. (+10% HP) [potion of
                  | mutation]
  1317 | D:2      | Gained mutation: You are partially covered in iridescent
                  | scales. (AC +2) [potion of mutation]
  1317 | D:2      | Succumbed to an adder's poison

Illustrated notes

Levels and vault maps discovered:
D:1:      lemuel_arrival_room, layout_loops_ring, basic_ecumenical_altar
D:2:      layout_basic, grunt_decor_arrowhead, nicolae_shop_unique_rings,
          uniq_crazy_yiuf_cottage, uniq_robin

Skill      XL: |  1  2 |
---------------+-------+-----
Fighting       | 4 |  4.3
Axes           | 3 |  3.8
Armour         | |  3.5
Shields        | |  3.6

Action                   || total
-------------------------++-------
Melee: War axe           ||    63
  Use: Scroll            ||     4
       Potion            ||     2
Armor: Scale mail        ||    36
Dodge: Dodged            ||    53
Block: Buckler           ||    13
